Workbook

Sheet Прил.1 Доходы бюджета
A1: Приложение 1
A2: к решению Муниципального Совета
A3: Каменниковского сельского поселения
A4: от 22.12.2020 г. № 7
A6: Доходы бюджета Каменниковского сельского поселения в соответствии с классификацией доходов бюджетов Российской Федерации на 2020 год
C8: руб.
A9: Код бюджетной классификации РФ | B9: Наименование доходов | C9: 2020 год
A11: 1 | B11: 2 | C11: 3
A12: 000 1 00 00000 00 0000 000 | B12: Налоговые и неналоговые доходы | C12: =C13+C24+C29+C31+C15 -> 4818940
A13: 182 1 01 00000 00 0000 000 | B13: Налоги на прибыль, доходы | C13: =C14 -> 305000
A14: 182 1 01 02010 01 1000 110 | B14: Налог на доходы физических лиц с доходов, источником которых является налоговый агент, за исключением доходов, в отношении которых исчисление и уплата налога осуществляются в соответствии со статьями 227, 227-1 и 228 Налогового кодекса Российской Федерации | C14: 305000
A15: 100 1 03 00000 00 0000 000 | B15: Налоги на товары (работы, услуги) реализуемые на территории РФ | C15: =SUM(C16:C23) -> 773940
A16: 100 1 03 02 23101 0000 110 | B16: Доходы от уплаты акцизов на дизельное топливо, зачисляемые в консолидированные бюджеты субъектов Российской Федерации | C16: 363420
A17: 100 1 03 02230 01 0000 110 | B17: Доходы от уплаты акцизов на дизельное топливо, зачисляемые в консолидированные бюджеты субъектов Российской Федерации
A18: 100 1 03 02240 01 0000 110 | B18: Доходы от уплаты акцизов на моторные масла для дизельных и (или) карбюраторных (инжекторных) двигателей, зачисляемые в консолидированные бюджеты субъектов Российской Федерации
A19: 100 1 03 02250 01 0000 110 | B19: Доходы от уплаты акцизов на автомобильный бензин, производимый на территории Российской Федерации, зачисляемые в консолидированные бюджеты субъектов Российской Федерации
A20: 100 1 03 02260 01 0000 110 | B20: Доходы от уплаты акцизов на прямогонный бензин, производимый на территории Российской Федерации, зачисляемые в консолидированные бюджеты субъектов Российской Федерации
A21: 100 1 03 02 24101 0000 110 | B21: Доходы от уплаты акцизов на моторные масла для дизельных и (или) карбюраторных (инжекторных) двигателей, зачисляемые в консолидированные бюджеты субъектов Российской Федерации | C21: 2280
A22: 100 1 03 02 25101 0000 110 | B22: Доходы от уплаты акцизов на автомобильный бензин, производимый на территории Российской Федерации, зачисляемые в консолидированные бюджеты субъектов Российской Федерации | C22: 468970
A23: 100 1 03 02 26101 0000 110 | B23: Доходы от уплаты акцизов на прямогонный бензин, производимый на территории Российской Федерации, зачисляемые в консолидированные бюджеты субъектов Российской Федерации | C23: -60730
A24: 182 1 06 00000 00 0000 000 | B24: Налоги на имущество | C24: =C25+C26 -> 3112000
A25: 182 1 06 01030 10 1000 110 | B25: Налог на имущество физических лиц, взимаемый по ставкам, применяемым к объектам налогообложения, расположенным в границах сельских поселений | C25: 1130000
A26: 182 1 06 06000 00 0000 110 | B26: Земельный налог | C26: =C27+C28 -> 1982000
A27: 182 1 06 06033 10 1000 110 | B27: Земельный налог с организаций, обладающих земельным участком, расположенным в границах сельских поселений (сумма платежа) | C27: 1200000
A28: 182 1 06 06043 10 1000 110 | B28: Земельный налог с физических лиц, обладающих земельным участком, расположенным в границах сельских поселений (сумма платежа) | C28: 782000
A29: 240 1 08 00000 00 0000 000 | B29: Государственная пошлина | C29: =C30 -> 8000
A30: 240 1 08 04020 01 0000 110 | B30: Государственная пошлина за совершение нотариальных действий должностными лицами органов местного самоуправления, уполномоченными в соответствии с законодательными актами Российской Федерации на совершение нотариальных действий | C30: 8000
A31: 240 1 11 00000 00 0000 000 | B31: Доходы от использования имущества, находящегося в государственной и муниципальной собственности | C31: =C32 -> 620000
A32: 240 1 11 09045 10 0000 120 | B32: Прочие поступления от использования имущества, находящегося в собственности сельских поселений (за исключением имущества муниципальных бюджетных и автономных учреждений, а также имущества муниципальных унитарных предприятий, в том числе казенных | C32: 620000
A33: 000 2 00 00000 00 0000 000 | B33: Безвозмездные поступления | C33: =C34 -> 18048806
A34: 240 2 02 00000 00 0000 000 | B34: Безвозмездные поступления от других бюджетов бюджетной системы Российской Федерации | C34: =SUM(C35:C43) -> 18048806
A35: 240 2 02 15001 10 0000 150 | B35: Дотации бюджетам поселений на выравнивание бюджетной обеспеченности | C35: 7147000
A36: 240 2 02 19999 10 1004 150 | B36: Прочие дотации бюджетам сельских поселений (Дотация на реализацию мероприятий, предусмотренных нормативными правовыми актами органов государственной власти Ярославской области) | C36: 91000
A37: 240 2 02 20299 10 0000 150 | B37: Субсидии бюджетам сельских поселений на обеспечение мероприятий по переселению граждан из аварийного жилищного фонда, в том числе переселению граждан из аварийного жилищного фонда с учетом необходимости развития малоэтажного жилищного строительства, за счет средств, поступивших от государственной корпорации - Фонда содействия реформированию жилищно-коммунального хозяйства | C37: 7270941
A38: 240 2 02 20302 10 0000 150 | B38: Субсидии бюджетам сельских поселений на обеспечение мероприятий по переселению граждан из аварийного жилищного фонда, в том числе переселению граждан из аварийного жилищного фонда с учетом необходимости развития малоэтажного жилищного строительства, за счет средств бюджетов | C38: 287805
A39: 240 2 02 25576 10 0000 150 | B39: Субсидии бюджетам сельских поселений на обеспечение комплексного развития сельских территорий | C39: 686424.48
A40: 240 2 02 35118 10 0000 150 | B40: Субвенции бюджетам сельских поселений на осуществление первичного воинского учета на территориях, где отсутствуют военные комиссариаты | C40: =205170+28361 -> 233531
A41: 240 2 02 40014 10 0000 150 | B41: Межбюджетные трансферты, передаваемые бюджетам сельских поселений из бюджетов муниципальных районов на осуществление части полномочий по решению вопросов местного значения в соответствии с заключенными соглашениями | C41: 300000
A42: 240 2 02 25497 10 0000 150 | B42: Субсидии бюджетам сельских поселений на реализацию мероприятий по обеспечению жильем молодых семей | C42: 552117
A43: 240 2 02 20041 10 0000 150 | B43: Субсидии бюджетам сельских поселений на строительство, модернизацию, ремонт и содержание автомобильных дорог общего пользования, в том числе дорог в поселениях (за исключением автомобильных дорог федерального значения) | C43: 1479988
A44: ВСЕГО: | C44: =C12+C33 -> 22867746

Sheet Прил.2 Расходы бюджета
A1: Приложение 2
A2: к решению Муниципального Совета
A3: Каменниковского сельского поселения
A4: от 22.12.2020 г. № 7
A7: Расходы бюджета Каменниковского сельского поселения по разделам и подразделам функциональной классификации расходов бюджетов Российской Федерации на 2020 год
C8: руб.
A9: Р ПР | B9: Наименование | C9: 2020 год
A10: 01 00 | B10: Общегосударственные вопросы | C10: =SUM(C11:C17) -> 5623368
A11: 01 02 | B11: Функционирование высшего должностного лица субъекта Российской Федерации и местного самоуправления | C11: =978000-13000 -> 965000
A12: 01 03 | B12: Функционирование законодательных (представительных) органов государственной власти и представительных органов муниципальных образований | C12: 48000
A13: 01 04 | B13: Функционирование Правительства Российской Федерации, высших органов исполнительной власти субъектов Российской Федерации, местных администраций | C13: =3243528+13000 -> 3256528
A14: 01 06 | B14: Обеспечение деятельности финансовых органов и органов финансового (финансово-бюджетного ) надзора | C14: 121940
A15: 01 07 | B15: Обеспечение проведения выборов и референдумов | C15: 400000
A16: 01 11 | B16: Резервные фонды | C16: 20000
A17: 01 13 | B17: Другие общегосударственные вопросы | C17: 811900
A18: 02 00 | B18: Национальная оборона | C18: =C19 -> 233531
A19: 02 03 | B19: Мобилизационная и вневойсковая подготовка | C19: =205170+28361 -> 233531
A20: 03 00 | B20: Национальная безопасность и правоохранительная деятельность | C20: =C21 -> 122000
A21: 03 09 | B21: Предупреждение и ликвидация последствий чрезвычайных ситуаций природного и техногенного характера, гражданская оборона и правоохранительная деятельность | C21: =117000+5000 -> 122000
A22: 04 00 | B22: Национальная экономика | C22: =C23 -> 2839394.8
A23: 04 09 | B23: Дорожное хозяйство | C23: 2839394.8
A24: 05 00 | B24: Жилищно-коммунальное хозяйство | C24: =C25+C26+C27+C28 -> 13309254
A25: 05 01 | B25: Жилищное хозяйство | C25: 7835600.4
A26: 05 02 | B26: Коммунальное хозяйство | C26: 5622
A27: 05 03 | B27: Благоустройство | C27: 4683733.5
A28: 05 05 | B28: Другие вопросы в области жилищно-коммунального хозяйства | C28: 784298
A29: 07 00 | B29: Образование | C29: =C31+C30 -> 125100
A30: 07 05 | B30: Профессиональная подготовка, переподготовка и повышение квалификации | C30: 5100
A31: 07 07 | B31: Молодежная политика и оздоровление детей | C31: 120000
A32: 08 00 | B32: Культура, кинематография | C32: =C33 -> 313045
A33: 08 01 | B33: Культура | C33: 313045
A34: 10 00 | B34: Социальная политика | C34: =C36+C35 -> 729551
A35: 10 01 | B35: Пенсионное обеспечение | C35: 45800
A36: 10 03 | B36: Социальное обеспечение населения | C36: 683751
A37: 11 00 | B37: Физическая культура и спорт | C37: =C38 -> 93821
A38: 11 02 | B38: Массовый спорт | C38: 93821
A39: Всего | C39: =C10+C18+C20+C22+C24+C29+C32+C37+C34 -> 23389065

Sheet Прил. 3 Расходы бюджета
A1: Приложение 3
A2: к решению Муниципального Совета
A3: Каменниковского сельского поселения
D4: от 22.12.2020 г. № 7
A7: Распределение расходов бюджета Каменниковского сельского поселения по разделам, подразделам, целевым статьям, видам расходов функциональной классификации на 2020 год
F8: руб.
A9: Наименование | B9: Раздел | C9: ПР | D9: КЦСР | E9: КВР | F9: 2020 год
A10: 1 | B10: 2 | C10: 3 | D10: 4 | E10: 5 | F10: 6
A11: Общегосударственные вопросы | B11: 01 | F11: =F14+F18+F22+F29+F38+F42+F34 -> 5623368
A12: Непрограмные расходы органов местного самоуправления | D12: 50 0 00 00000 | F12: =F13+F39 -> 4411468
A13: Обеспечение функционирования органов местного самоуправления | D13: 50 1 00 00000 | F13: =F15+F19+F23+F30+F32 -> 4391468
A14: Функционирование высшего должностного лица субъекта РФ и органа местного самоуправления | C14: 02 | F14: =F15 -> 965000
A15: Обеспечение функционирования главы муниципального образования | D15: 50 1 00 20540 | F15: =F16+F17 -> 965000
A16: Фонд оплаты труда государственных (муниципальных) органов | E16: 121 | F16: =751000-10000 -> 741000
A17: Взнос по обязательному социальному страхованию на выплаты денежного содержания и иные выплаты работникам государственных (муниципальных) органов | E17: 129 | F17: =227000-3000 -> 224000
A18: Функционирование законодательных (представительных) органов государственной власти и представительных органов муниципальных образований | C18: 03 | F18: =F19 -> 48000
A19: Обеспечение функционирования депутатов представительного органа муниципального образования | D19: 50 1 00 20490 | F19: =F20+F21 -> 48000
A20: Иные выплаты, за исключением фонда оплаты труда государственных (муниципальных) органов, лицам, привлекаемым согласно законодательству для выполнения отдельных полномочий | E20: 123 | F20: 47500
A21: Уплата иных платежей | E21: 853 | F21: 500
A22: Функционирование Правительства РФ, высших органов исполнительной власти субъектов Российской Федерации, местных администраций | C22: 04 | F22: =F23 -> 3256528
A23: Обеспечение функционирования центрального аппарата | D23: 50 1 00 20550 | F23: =F24+F25+F26+F27+F28 -> 3256528
A24: Фонд оплаты труда государственных (муниципальных) органов и взносы по обязательному социальному страхованию | E24: 121 | F24: 2217260.4
A25: Иные выплаты персоналу государственных (муниципальных) органов, за исключением фонда оплаты труда | E25: 122 | F25: 3116
A26: Взнос по обязательному социальному страхованию на выплаты денежного содержания и иные выплаты работникам государственных (муниципальных) органов | E26: 129 | F26: 662220.2
A27: Прочая закупка товаров, работ и услуг | E27: 244 | F27: 369363.37
A28: Уплата прочих налогов, сборов и иных платежей | E28: 852 | F28: 4568
A29: Обеспечение деятельности финансовых органов и органов финансового (финансово-бюджетного ) надзора | C29: 06 | F29: =F30+F32 -> 121940
A30: Межбюджетные трансферты бюджету района из бюджета поселения на казначейское исполнение бюджета | D30: 50 1 00 20500 | F30: =F31 -> 84940
A31: Иные межбюджетные трансферты | E31: 540 | F31: 84940
A32: Межбюджетные трансферты бюджету района из бюджета поселения на осуществление внешнего муниципального финансового контроля | D32: 50 1 00 20520 | F32: =F33 -> 37000
A33: Иные межбюджетные трансферты | E33: 540 | F33: 37000
A34: Обеспечение проведения выборов и референдумов | C34: 07 | F34: =F35+F36 -> 400000
A35: Проведение выборов главы муниципального образования | D35: 50 2 00 20700 | F35: 200000
A36: Проведение выборов в представительные органы муниципального образования | D36: 50 2 00 20550 | F36: 200000
A37: Специальные расходы | E37: 880 | F37: 400000
A38: Резервные фонды | C38: 11 | F38: =F40 -> 20000
A39: Непрограмные расходы органов местного самоуправления не предусмотренные иными целевыми статьями расходов бюджетов поселений, по соотвествующим направлениям расходов | D39: 50 2 00 00000 | F39: =F40 -> 20000
A40: Резервный фонд местной администрации | D40: 50 2 00 20540 | F40: =F41 -> 20000
A41: Резервные средства | E41: 870 | F41: 20000
A42: Другие общегосударственные вопросы | C42: 13 | F42: =F43+F49 -> 811900
A43: Муниципальная программа "Эффективная власть в Каменниковском сельском поселении" | D43: 17 0 00 00000 | F43: =F44 -> 561900
A44: Развитие муниципальной службы в Каменниковском сельском поселении | D44: 17 1 00 00000 | F44: =F45 -> 561900
A45: Развитие материально-технической базы | D45: 17 1 00 20060 | F45: =F46+F47+F48 -> 561900
A46: Закупка товаров, работ, услуг в сфере информационно-коммуникационных технологий | E46: 242 | F46: 298400
A47: Прочая закупка товаров, работ и услуг | E47: 244 | F47: 243452
A48: Уплата иных платежей | E48: 853 | F48: 20048
A49: Муниципальная программа "Управление муниципальным имуществом Каменниковского сельского поселения Рыбинского муниципального района" | D49: 18 0 00 00000 | F49: =F50 -> 250000
A50: Мероприятия по управлению и распоряжению имуществом Каменниковского сельского поселения | D50: 18 1 00 00000 | F50: =F51 -> 250000
A51: Мероприятия по управлению и распоряжению имуществом, находящимся в муниципальной собсвенности поселения | D51: 18 1 00 20430 | F51: =F52 -> 250000
A52: Прочая закупка товаров, работ и услуг | E52: 244 | F52: 250000
A53: Национальная оборона | B53: 02 | F53: =F54 -> 233531
A54: Мобилизационная и вневойсковая подготовка | C54: 03 | F54: =F58+F59 -> 233531
A55: Непрограмные расходы органов местного самоуправления | D55: 50 0 00 00000 | F55: =F56 -> 233531
A56: Обеспечение функционирования органов местного самоуправления | D56: 50 1 00 00000 | F56: =F57 -> 233531
A57: Осуществление первичного воинского учета на территориях, где отсутствуют военные комиссариаты | D57: 50 1 00 51180 | F57: =F58+F59 -> 233531
A58: Фонд оплаты труда государственных (муниципальных) органов и взносы по обязательному социальному страхованию | E58: 121 | F58: =157580.65+21782.64+927.8 -> 180291.09
A59: Взнос по обязательному социальному страхованию на выплаты денежного содержания и иные выплаты работникам государственных (муниципальных) органов | E59: 129 | F59: =47589.35+6578.36-927.8 -> 53239.91
A60: Национальная безопасность и правоохранительная деятельность | B60: 03 | F60: =F61 -> 122000
A61: Предупреждение и ликвидация последствий чрезвычайных ситуаций природного и техногенного характера, гражданская оборона | C61: 09 | F61: =F62 -> 122000
A62: Муниципальная программа "Защита населения и территории Каменниковского сельского поселения Рыбинского муниципального района от чрезвычайных ситуаций, обеспечение пожарной безопасности и безопасности людей на водных объектах" | D62: 09 0 00 00000 | F62: =F63 -> 122000
A63: Предупреждение и ликвидация последствий чрезвычайных ситуаций и стихийных бедствий природного и техногенного характера | D63: 09 1 00 00000 | F63: =F64+F66 -> 122000
A64: Обеспечение пожарной безопасности | D64: 09 1 00 20310 | F64: =F65 -> 97000
A65: Прочая закупка товаров, работ и услуг | E65: 244 | F65: =150000-53000 -> 97000
A66: Обеспечение защиты населения и территорий от чрезвычайных ситуаций | D66: 09 1 00 20781 | F66: =F67 -> 25000
A67: Прочая закупка товаров, работ и услуг | E67: 244 | F67: 25000
A68: Национальная экономика | B68: 04 | F68: =F69 -> 2839394.8
A69: Дорожное хозяйство | C69: 09 | F69: =F70 -> 2839394.8
A70: Муниципальная программа "Развитие дорожного хозяйства в Каменниковском сельском поселении Рыбинского муниципального района" | D70: 07 0 00 00000 | F70: =F71 -> 2839394.8
A71: Мероприятия в области дорожного хозяйства Каменниковского сельского поселения | D71: 07 1 00 00000 | F71: =F72+F74+F76+F78 -> 2839394.8
A72: Мероприятия в области дорожного хозяйства за счет средств бюджета поселения | D72: 07 1 00 20280 | F72: =F73 -> 981406.78
A73: Прочая закупка товаров, работ и услуг | E73: 244 | F73: =764000+317246.18+55000-78000-76839.4 -> 981406.78
A74: Мероприятия по финансированию дорожного хозяйства за счет средств бюджета района | D74: 07 1 00 10240 | F74: =F75 -> 300000
A75: Прочая закупка товаров, работ и услуг для обеспечения государственных (муниципальных) нужд | E75: 244 | F75: 300000
A76: Мероприятия по финансированию дорожного хозяйства за счёт средств областного бюджета | D76: 07 1 00 72440 | F76: =F77 -> 1479988
A77: Прочая закупка товаров, работ и услуг для обеспечения государственных (муниципальных) нужд | E77: 244 | F77: 1479988
A78: Мероприятия по финансированию дорожного хозяйства (софинансирование из местного бюджета) | D78: 07 1 00 22440 | F78: =F79 -> 78000
A79: Прочая закупка товаров, работ и услуг для обеспечения государственных (муниципальных) нужд | E79: 244 | F79: 78000
A80: Жилищно-коммунальное хозяйство | B80: 05 | F80: =F81+F96+F101+F113 -> 13309254
A81: Жилищное хозяйство | C81: 01 | F81: =F85+F86 -> 7835600.4
A82: Муниципальная программа "Управление муниципальным имуществом Каменниковского сельского поселения Рыбинского муниципального района" | D82: 18 0 00 00000 | F82: =F84+F100 -> 152622
A83: Мероприятия по управлению и распоряжению имуществом, находящимся в муниципальной собственности поселения | D83: 18 1 00 00000 | F83: =F84 -> 147000
A84: Мероприятия по управлению и распоряжению имуществом, находящимся в муниципальной собсвенности поселения | D84: 18 1 00 20430 | F84: =F85 -> 147000
A85: Прочая закупка товаров, работ и услуг | E85: 244 | F85: =158000-11000 -> 147000
A86: Муниципальная программа "Обеспечение доступным и комфортным жильем населения Каменниковского сельского поселения" | D86: 05 0 00 00000 | F86: =F87 -> 7688600.4
A87: МП "Переселение граждан из аварийного жилищного фонда Каменниковского сельского поселения Рыбинского муниципального района Ярославской области с учётом необходимости развития малоэтажного жилищного строительства" | D87: 05 1 00 00000 | F87: =F88+F92+F94+F90 -> 7688600.4
A88: Мероприятия по переселению граждан из аварийного жилищного фонда, в том числе переселению граждан из аварийного жилищного фонда с учётом необходимости развития малоэтажного жилищного строительства, за счёт средств местного бюджета в рамках регионального проекта "Обеспечение устойчивого сокращения непригодного для проживания жилищного фонда" | D88: 05 1 F3 6748S | F88: =F89 -> 15154.4
A89: Бюджетные инвестиции на приобретение объектов недвижимого имущества в государственную (муниципальную) собственность | E89: 412 | F89: 15154.4
A90: Мероприятия по переселению граждан из аварийного жилищного фонда на приобретение жилых помещений, площадь которых больше площади занимаемых помещений, за счёт средств бюджета поселения (доп.метры) | D90: 05 1 00 20050 | F90: =F91 -> 114700
A91: Бюджетные инвестиции на приобретение объектов недвижимого имущества в государственную (муниципальную) собственность | E91: 412 | F91: 114700
A92: Субсидия на обеспечение мероприятий по переселению граждан из аварийного жилищного фонда, в том числе переселению граждан из аварийного жилищного фонда с учётом необходимости развития малоэтажного жилищного строительства, за счёт средств, поступивших от государственной корпорации-Фонда содействия реформированию жилищно-коммунального хозяйства в рамках регионального проекта "Обеспечение устойчивого сокращения непригодного для проживания жилищного фонда" | D92: 05 1 F3 67483 | F92: =F93 -> 7270941
A93: Бюджетные инвестиции на приобретение объектов недвижимого имущества в государственную (муниципальную) собственность | E93: 412 | F93: 7270941
A94: Субсидия на обеспечение мероприятий по переселению граждан из аварийного жилищного фонда, в том числе переселению граждан из аварийного жилищного фонда с учётом необходимости развития малоэтажного жилищного строительства,за счёт средств областного бюджета в рамках регионального проекта "Обеспечение устойчивого сокращения непригодного для проживания жилищного фонда" | D94: 05 1 F3 67484 | F94: =F95 -> 287805
A95: Бюджетные инвестиции на приобретение объектов недвижимого имущества в государственную (муниципальную) собственность | E95: 412 | F95: 287805
A96: Коммунальное хозяйство | C96: 02 | F96: =F97 -> 5622
A97: Муниципальная программа "Управление муниципальным имуществом Каменниковского сельского поселения Рыбинского муниципального района" | D97: 18 0 00 00000 | F97: =F98 -> 5622
A98: Мероприятия по управлению и распоряжению имуществом, находящимся в муниципальной собственности поселения | D98: 18 1 00 00000 | F98: =F99 -> 5622
A99: Мероприятия по управлению и распоряжению имуществом, находящимся в муниципальной собсвенности поселения | D99: 18 1 00 20430 | F99: =F100 -> 5622
A100: Прочая закупка товаров, работ и услуг | E100: 244 | F100: 5622
A101: Благоустройство | C101: 03 | F101: =F102 -> 4683733.5
A102: Муниципальная программа "Благоустройство Каменниковского сельского поселения Рыбинского муниципального района" | D102: 19 0 00 000 | F102: =F103 -> 4683733.5
...

Sheet Прил.4 Ведомственная
A1: Приложение 4
A2: к решению Муниципального Совета
A3: Каменниковского сельского поселения
A4: от 22.12.2020 г. № 7 | D4: от 17.05.2019 г. № 82
A7: Ведомственная структура расходов бюджета Каменниковского сельского поселения на 2020 год
C8: руб.
A9: Код ГРБС | B9: Наименование главного распорядителя бюджетных средств | C9: 2020 год
A10: 240 | B10: Администрация Каменниковского сельского поселения | C10: ='Прил.2 Расходы бюджета'!C39-'Прил.2 Расходы бюджета'!C12 -> 23341065
A11: 241 | B11: Муниципальный Совет Каменниковского сельского поселения | C11: ='Прил.2 Расходы бюджета'!C12 -> 48000
A12: Итого: | C12: =C10+C11 -> 23389065

Sheet Прил.5 Источники
A1: Приложение 5
A2: к решению Муниципального Совета
A3: Каменниковского сельского поселения
A4: от 22.12.2020 г. № 7 | D4: от 17.05.2019 г. № 82
A8: Источники внутреннего финансирования дефицита бюджета Каменниковского сельского поселения на 2020 год
C10: руб.
A11: Наименование | B11: Код бюджетной классификации | C11: 2020 год
A12: 1 | B12: 2 | C12: 3
A13: Бюджетные кредиты от других бюджетов бюджетной системы Российской Федерации | B13: 240 01 03 00 00 00 0000 000 | C13: 2 000,000
A14: Получение кредитов от других бюджетов бюджетной системы Российской Федерации бюджетами поселений в валюте Российской Федерации (бюджетный кредит на финансирование целевых расходов) | B14: 240 01 03 01 00 10 4610 710 | C14: 2000
A15: Погашение бюджетами поселений кредитов от других бюджетов бюджетной системы Российской Федерации в валюте Российской Федерации (бюджетный кредит на финансирование целевых расходов) | B15: 240 01 03 01 00 10 4610 810 | C15: 0
A16: Изменение остатков средств на счетах по учету средств бюджета | B16: 240 01 05 00 00 00 0000 000 | C16: =C17-C18 -> -521318.22
A17: Увеличение прочих остатков денежных средств бюджетов сельских поселений | B17: 240 01 05 02 01 10 0000 510 | C17: ='Прил.1 Доходы бюджета'!C44 -> 22867746
A18: Уменьшение прочих остатков денежных средств бюджетов сельских поселений | B18: 240 01 05 02 01 10 0000 610 | C18: ='Прил.2 Расходы бюджета'!C39 -> 23389065
A19: ИТОГО источников внутреннего финансирования | C19: =C16 -> -521318.22

Sheet Прил.6 Программы
A1: Приложение 6
A2: к решению Муниципального Совета
A3: Каменниковского сельского поселения
A4: от 22.12.2020 г. № 7 | D4: от 17.05.2019 г. № 82
B7: Перечень муниципальных программ Каменниковского сельского поселения Рыбинского муниципального района
C9: руб.
A10: № п/п | B10: Наименование | C10: Сумма, планируемая на 2020 год
B11: Бюджетные кредиты от других бюджетов бюджетной системы Российской Федерации | C11: 2 000,000
B12: Получение кредитов от других бюджетов бюджетной системы Российской Федерации бюджетами поселений в валюте Российской Федерации (бюджетный кредит на финансирование целевых расходов) | C12: 2000
B13: Погашение бюджетами поселений кредитов от других бюджетов бюджетной системы Российской Федерации в валюте Российской Федерации (бюджетный кредит на финансирование целевых расходов) | C13: 0
A14: 1 | B14: ='Прил. 3 Расходы бюджета'!A43 -> Муниципальная программа "Эффективная власть в Каменниковском сельском поселении" | C14: ='Прил. 3 Расходы бюджета'!F43+'Прил. 3 Расходы бюджета'!F129 -> 567000
A15: 2 | B15: ='Прил. 3 Расходы бюджета'!A62 -> Муниципальная программа "Защита населения и территории Каменниковского сельского поселения Рыбинского муниципального района от чрезвычайных ситуаций, обеспечение пожарной безопасности и безопасности людей на водных объектах" | C15: ='Прил. 3 Расходы бюджета'!F62 -> 122000
A16: 3 | B16: ='Прил. 3 Расходы бюджета'!A70 -> Муниципальная программа "Развитие дорожного хозяйства в Каменниковском сельском поселении Рыбинского муниципального района" | C16: ='Прил. 3 Расходы бюджета'!F70 -> 2839394.8
A17: 4 | B17: ='Прил. 3 Расходы бюджета'!A82 -> Муниципальная программа "Управление муниципальным имуществом Каменниковского сельского поселения Рыбинского муниципального района" | C17: ='Прил. 3 Расходы бюджета'!F82+'Прил. 3 Расходы бюджета'!F123+'Прил. 3 Расходы бюджета'!F49 -> 803522
A18: 5 | B18: ='Прил. 3 Расходы бюджета'!A102 -> Муниципальная программа "Благоустройство Каменниковского сельского поселения Рыбинского муниципального района" | C18: ='Прил. 3 Расходы бюджета'!F102 -> 4683733.5
A19: 6 | B19: ='Прил. 3 Расходы бюджета'!A118 -> Муниципальная программа "Экономическое развитие в Каменниковском сельском поселении Рыбиснкого муниципального района" | C19: ='Прил. 3 Расходы бюджета'!F118 -> 298866
A20: 7 | B20: ='Прил. 3 Расходы бюджета'!A134 -> Муниципальная программа "Молодежная политика в Каменниковском сельском поселении" | C20: ='Прил. 3 Расходы бюджета'!F134 -> 120000
A21: 8 | B21: ='Прил. 3 Расходы бюджета'!A140 -> Муниципальная программа "Развитие культуры и туризма в каменниковском сельском поселении рыбинского муниципального района" | C21: ='Прил. 3 Расходы бюджета'!F140 -> 313045
A22: 9 | B22: ='Прил. 3 Расходы бюджета'!A151 -> Муниципальная программа "Обеспечение доступным и комфортным жильем населения Каменниковского сельского поселения" | C22: ='Прил. 3 Расходы бюджета'!F151+'Прил. 3 Расходы бюджета'!F86 -> 8372351.4
A23: 10 | B23: ='Прил. 3 Расходы бюджета'!A157 -> Муниципальная программа "Развитие физической культуры и спорта в Каменниковском сельском поселении Рыбинского муниципального района" | C23: ='Прил. 3 Расходы бюджета'!F157 -> 93821
A24: 11 | B24: ='Прил. 3 Расходы бюджета'!A146 -> Муниципальная программа "Социальная поддержка населения Каменниковского сельского поселения Рыбинского муниципального района " | C24: ='Прил. 3 Расходы бюджета'!F146 -> 45800
B25: Итого | C25: =SUM(C14:F24) -> 18259534

Sheet Приложение 7 МБТ из субъектов
A1: Приложение 7
A2: к решению Муниципального Совета
A3: Каменниковского сельского поселения
A4: от 22.12.2020 г. № 7
A6: Объем межбюджетных транфертов, получаемых из других бюджетов бюджетной системы Российской Федерации на 2020 год
A8: Код бюджетной классификации РФ | B8: Наименование доходов | C8: 2020 год
A10: 240 2 02 15001 10 0000 150 | B10: Дотации бюджетам поселений на выравнивание бюджетной обеспеченности | C10: 7147000
A11: 240 2 02 19999 10 1004 150 | B11: Прочие дотации бюджетам сельских поселений (Дотация на реализацию мероприятий, предусмотренных нормативными правовыми актами органов государственной власти Ярославской области) | C11: 91000
A12: 240 2 02 20299 10 0000 150 | B12: Субсидии бюджетам сельских поселений на обеспечение мероприятий по переселению граждан из аварийного жилищного фонда, в том числе переселению граждан из аварийного жилищного фонда с учетом необходимости развития малоэтажного жилищного строительства, за счет средств, поступивших от государственной корпорации - Фонда содействия реформированию жилищно-коммунального хозяйства | C12: 7270941
A13: 240 2 02 20302 10 0000 150 | B13: Субсидии бюджетам сельских поселений на обеспечение мероприятий по переселению граждан из аварийного жилищного фонда, в том числе переселению граждан из аварийного жилищного фонда с учетом необходимости развития малоэтажного жилищного строительства, за счет средств бюджетов | C13: 287805
A14: 240 2 02 25576 10 0000 150 | B14: Субсидии бюджетам сельских поселений на обеспечение комплексного развития сельских территорий | C14: 686424.48
A15: 240 2 02 35118 10 0000 150 | B15: Субвенции бюджетам сельских поселений на осуществление первичного воинского учета на территориях, где отсутствуют военные комиссариаты | C15: =205170+28361 -> 233531
A16: 240 2 02 40014 10 0000 150 | B16: Межбюджетные трансферты, передаваемые бюджетам сельских поселений из бюджетов муниципальных районов на осуществление части полномочий по решению вопросов местного значения в соответствии с заключенными соглашениями | C16: 300000
A17: 240 2 02 25497 10 0000 150 | B17: Субсидии бюджетам сельских поселений на реализацию мероприятий по обеспечению жильем молодых семей | C17: 552117
A18: 240 2 02 20041 10 0000 150 | B18: Субсидии бюджетам сельских поселений на строительство, модернизацию, ремонт и содержание автомобильных дорог общего пользования, в том числе дорог в поселениях (за исключением автомобильных дорог федерального значения) | C18: 1479988
A19: Итого: | C19: =SUM(C10:C18) -> 18048806
